 Dungeon Crawl Stone Soup version 0.30-a0-122-g2a1322497e (webtiles) character file.

Game seed: 17661577425106812038

14 Chimkentus the Caller (level 2, -1/11 HPs)
             Began as a Felid Summoner on Sept 16, 2022.
             Slain by a jackal (3 damage)
             ... on level 2 of the Dungeon.
             The game lasted 00:03:15 (717 turns).

Chimkentus the Caller (Felid Summoner)               Turns: 717, Time: 00:03:15

Health: -1/11      AC:  1    Str:  4    XL:     2   Next: 27%
Magic:  6/6        EV: 17    Int: 16    God:
Gold:   59         SH:  0    Dex: 16    Spells: 2/5 levels left
                                        Lives:  0   Deaths: 0

rFire   . . .      SeeInvis +      - Unarmed
rCold   . . .      Faith    .    (shield unavailable)
rNeg    . . .      Spirit   .    (body armour unavailable)
rPois   .          Reflect  .    (helmet unavailable)
rElec   .          Harm     .    (cloak unavailable)
rCorr   .          Rampage  .    (gloves unavailable)
Will    .....                    (boots unavailable)
Stlth   ++........               (no amulet)
HPRegen 0.03/turn                (no ring)
MPRegen 0.10/turn                (no ring)

@: quick
A: very small, claws 1, fangs 3, see invisible, speed 1, shaggy fur 1, stealthy
paws, no weapons or thrown items, no armour, multi-lived
a: no special abilities


You were on level 2 of the Dungeon.
You visited 1 branch of the dungeon, and saw 2 of its levels.

You collected 59 gold pieces.

Inventory:

Scrolls
 b - 2 scrolls of identify {unknown}
Potions
 a - a potion of magic
 c - 2 potions of haste {unknown}
 d - a potion of degeneration {unknown}


   Skills:
 * Level 0.2 Fighting
 + Level 2.9 Dodging
 + Level 2.6 Stealth
 * Level 1.0 Unarmed Combat
 + Level 2.0 Spellcasting
 + Level 4.2 Summonings


You had 2 spell levels left.
You knew the following spells:

 Your Spells              Type           Power      Damage    Failure   Level
a - Summon Small Mammal   Summ           60%        N/A       3%          1
b - Call Imp              Summ           15%        N/A       5%          2

Your spell library contained the following spells:

 Spells                   Type           Power      Damage    Failure   Level
 Call Canine Familiar     Summ           15%        N/A       11%         3
 Summon Guardian Golem    Hex/Summ       8%         N/A       26%         3
 Summon Lightning Spire   Summ/Air       8%         N/A       65%         4


Dungeon Overview and Level Annotations

Branches:
Dungeon (2/15)

Altars:


Innate Abilities, Weirdness & Mutations

You have sharp claws.
You have razor-sharp teeth.
You have supernaturally acute eyesight. (SInv)
You cover ground quickly. (Speed+)
You are covered in fur. (AC +1)
Your paws help you pounce on unaware monsters.
You are incapable of wielding weapons or throwing items.
You cannot wear armour.
You gain extra lives every three experience levels.


Message History

A jackal comes into view.
The jackal barks!
You scratch the hobgoblin but do no damage.
You bite the hobgoblin, but do no damage.
The hobgoblin is severely wounded.
The hobgoblin misses you.
You scratch the hobgoblin.
You kill the hobgoblin!
Casting: Summon Small Mammal (safe; 3% risk of failure)
Confirm with . or Enter, or press ? or * to list all spells.
Your bat misses the jackal.
The jackal bites your bat but does no damage.
Your bat barely misses the jackal.
The jackal bites your bat. The jackal barely misses your bat.
Your bat hits the jackal but does no damage.
Your bat barely misses the jackal.
Your bat hits the jackal but does no damage.
The jackal misses your bat.
Your bat barely misses the jackal.
The jackal completely misses your bat.
Your bat misses the jackal. The jackal bites your bat.
Your bat dies!
Your bat's corpse disappears in a puff of smoke!
The jackal misses you.
You scratch the jackal.
The jackal is heavily wounded.
The jackal barely misses you.
The jackal barks!
You scratch the jackal.
You kill the jackal!
You see here a jackal corpse.
The jackal bites you.
You are too injured to fight recklessly!
You are too injured to fight recklessly!
You scratch the jackal.
The jackal is moderately wounded.
The jackal bites you.
* * * LOW HITPOINT WARNING * * *
The jackal barely misses you. The jackal attacks as you move away!
The jackal bites you.
You die...

#..# #..# ##### ### #..#
#... ... #..## #..# #.#
##...# #..# ..#
.....####..# #.#
##......#..### #.#
#............######.######.
#.###....#.....†@h.........
#.# #....<.#.######...?....
#.# #...#..#.# #.######.
#.# #...#..^.. ..#
#.###.......... ..#
...##..##.##.### ##.#
.#............ ..#
...#####.....# ###
.....>.......K


You could see a jackal.

Vanquished Creatures
  4 endoplasms
  A hobgoblin (D:2)
  A jackal (D:2)
  A ball python (D:2)
  A bat (D:2)
  A rat (D:1)
9 creatures vanquished.

Vanquished Creatures (collateral kills)
  A hobgoblin (D:1)
  A quokka (D:1)
  A rat (D:1)
3 creatures vanquished.

Grand Total: 12 creatures vanquished

Notes
Turn   | Place    | Note
-------+----------+-------------------------------------------
     0 | D:1      | Chimkentus the Felid Summoner began the quest for the Orb.
     0 | D:1      | Reached XP level 1. HP: 7/7 MP: 4/4
   507 | D:1      | You fall into a shaft and drop 1 floor!
   520 | D:2      | Reached XP level 2. HP: 10/11 MP: 6/6
   523 | D:2      | Learned a level 2 spell: Call Imp
   547 | D:2      | Reached skill level 1 in Unarmed Combat
   717 | D:2      | Slain by a jackal

Illustrated notes

Levels and vault maps discovered:
D:1:      ebering_trefoil_3fold, layout_rooms, serial_curves, eino_curves_02,
          eino_curves_03, hellmonk_ecumenical_altar_inner_sanctum
D:2:      layout_loops_ring, minmay_small_reverse_x

Skill      XL: |  1  2 |
---------------+-------+-----
Unarmed Combat | 1 |  1.0
Fighting       | |  0.2
Dodging        | |  2.9
Stealth        | |  2.6
Spellcasting   | |  2.0
Summonings     | |  4.2

Action                   || total
-------------------------++-------
Melee: Unarmed           ||    35
       Bite              ||     4
 Cast: Summon Small Mamm ||     3
 Stab: Sleeping          ||     2
Dodge: Dodged            ||    30

Table legend: (Time is in decaauts)
 A = Elapsed time spent in this place.
 B = Non-inter-level travel time spent in this place.
 C = Inter-level travel time spent in this place.
 D = Time resting spent in this place.
 E = Time spent auto-exploring this place.
 F = Levels seen in this place.
 G = Mean time per level.
                   A        B        C        D        E       F      G
               +--------+--------+--------+--------+--------+-----+--------+
         Total |    653 |    653 |      0 |      0 |    524 |   2 |  326.5 |
       Dungeon |    653 |    653 |      0 |      0 |    524 |   2 |  326.5 |
               +--------+--------+--------+--------+--------+-----+--------+

Top non-repeatable levels by time:
     D:1: 478 daAuts
     D:2: 175 daAuts
